 Dungeon Crawl Stone Soup version 0.32-a0-361-g289a535e89 (webtiles) character file.

Game seed: 9824054409575414471

135723 croobank the Black Sun (level 16, -13/85 HPs)
             Began as a Felid Summoner on Feb 18, 2024.
             Was a High Priest of Kikubaaqudgha.
             Killed from afar by a nagaraja (19 damage)
             ... with a poison arrow
             ... on level 2 of the Snake Pit.
             The game lasted 02:23:28 (37331 turns).

croobank the Black Sun (Felid Summoner)            Turns: 37331, Time: 02:23:29

Health: -13/85     AC:  3    Str:  6    XL:     16   Next: 65%
Magic:  19/33      EV: 20    Int: 25    God:    Kikubaaqudgha [*****.]
Gold:   1489       SH:  0    Dex: 17    Spells: 7/40 levels left
                                        Lives:  0   Deaths: 6

rFire   . . .        (weapon unavailable)
rCold   + . .        (shield unavailable)
rNeg    . . .        (body armour unavailable)
rPois   +            (helmet unavailable)
rElec   .            (cloak unavailable)
rCorr   .            (gloves unavailable)
SInv    +            (boots unavailable)
Will    ++...        E - amulet of regeneration
Stlth   +++++        P - ring of wizardry
HPRegen 1.14/turn    r - ring of poison resistance
MPRegen 0.23/turn

%: wizardry (x1)
@: lethally poisoned (-13 -> -19), death channelling, constricted
A: very small, claws 1, fangs 3, see invisible, shaggy fur 3, stealthy paws, no
weapons or thrown items, no armour, multi-lived
a: Renounce Religion, Unearth Wretches, Torment


You were on level 2 of the Snake Pit.
You worshipped Kikubaaqudgha.
Kikubaaqudgha was extremely pleased with you.
You visited 5 branches of the dungeon, and saw 25 of its levels.
You also visited: Ice Cave.

You collected 2333 gold pieces.
You spent 844 gold pieces at shops.

Inventory:

Jewellery
 a - a ring of magical power
 b - a +6 ring of dexterity
 g - a ring of resist corrosion
 h - a +5 ring of evasion
 i - a ring of protection from cold
 k - a ring of magical power
 n - an amulet of the acrobat
 r - a ring of poison resistance (right paw)
 w - a +6 ring of dexterity
 x - a ring of protection from fire
 D - an amulet of reflection
 E - an amulet of regeneration (around neck)
 K - a ring of willpower
 L - a ring of fire
 P - a ring of wizardry (left paw)
 T - a +6 ring of strength
Talismans
 O - a talisman of death
Wands
 d - a wand of flame (75)
 f - a wand of digging (8)
 o - a wand of mindburst (30)
 y - a wand of polymorph (13)
 S - a wand of roots (6)
Scrolls
 c - 2 scrolls of vulnerability
 e - 2 scrolls of poison
 l - 7 scrolls of teleportation
 p - a scroll of blinking
 F - 6 scrolls of fog
 G - a scroll of revelation
 J - 11 scrolls of identify
 M - a scroll of fear
 N - a scroll of immolation
 Q - a scroll of silence
Potions
 j - 3 potions of enlightenment
 m - 4 potions of attraction
 q - 2 potions of lignification
 s - 4 potions of haste
 t - 7 potions of curing
 u - 2 potions of berserk rage
 v - 2 potions of invisibility
 z - 3 potions of heal wounds
 A - 2 potions of brilliance
 B - 4 potions of might
 C - 3 potions of resistance
 H - 4 potions of mutation
 I - 13 potions of ambrosia


   Skills:
 - Level 10.0 Fighting
 - Level 10.0 Dodging
 - Level 10.0 Stealth
 + Level 12.7 Spellcasting
 - Level 7.0 Hexes
 - Level 12.0 Summonings
 + Level 20.5 Necromancy
 - Level 5.0 Fire Magic
 - Level 7.0 Air Magic


You had 7 spell levels left.
You knew the following spells:

 Your Spells              Type           Power      Damage    Failure   Level
a - Summon Small Mammal   Summ           100%       N/A       1%          1
b - Call Imp              Summ           100%       N/A       1%          2
c - Call Canine Familiar  Summ           66%        N/A       1%          3
d - Summon Blazeheart Go  Fire/Summ      55%        N/A       1%          4
e - Summon Lightning Spi  Summ/Air       59%        N/A       1%          4
f - Summon Mana Viper     Hex/Summ       59%        N/A       1%          5
A - Animate Dead          Necr           87%        N/A       0%          4
D - Death Channel         Necr           43%        N/A       1%          6
N - Anguish               Hex/Necr       35%        N/A       1%          4

Your spell library contained the following spells:

 Spells                   Type           Power      Damage    Failure   Level
 Necrotise                Necr           100%       1d9       0%          1
 Sublimation of Blood     Necr           87%        N/A       0%          2
 Fugue of the Fallen      Necr           87%        N/A       0%          3
 Vampiric Draining        Necr           87%        2d12      0%          3
 Dispel Undead            Necr           87%        3d28      0%          4
 Curse of Agony           Necr           87%        N/A       0%          5
 Apportation              Tloc           30%        N/A       1%          1
 Magic Dart               Conj           60%        1d6       1%          1
 Sandblast                Erth           30%        2d9       1%          1
 Shock                    Conj/Air       100%       1d9       1%          1
 Sting                    Conj/Alch      60%        1d6       1%          1
 Ensorcelled Hibernation  Hex/Ice        66%        N/A       1%          2
 Static Discharge         Conj/Air       66%        3-6/arc   1%          2
 Dazzling Flash           Conj/Hex       66%        N/A       1%          3
 Inner Flame              Hex/Fire       45%        N/A       1%          3
 Mephitic Cloud           Conj/Alch/Air  27%        N/A       1%          3
 Summon Ice Beast         Ice/Summ       45%        N/A       1%          3
 Swiftness                Air            50%        N/A       1%          3
 Airstrike                Air            25%        2d(4-20)  1%          4
 Haunt                    Necr/Summ      38%        N/A       1%          7
 Searing Ray              Conj           30%        2d5       2%          2
 Silence                  Hex/Air        25%        N/A       2%          5
 Hailstorm                Conj/Ice       15%        3d6       4%          3
 Passwall                 Erth           15%        N/A       4%          3
 Stone Arrow              Conj/Erth      30%        3d8       4%          3
 Flame Wave               Conj/Fire      28%        2d9       5%          4
 Sticky Flame             Fire/Alch      28%        2d7       5%          4
 Monstrous Menagerie      Summ           33%        N/A       9%          7
 Brom's Barrelling Bould  Conj/Erth      15%        2d4       16%         4
 Fulminant Prism          Conj/Alch      7%         3d7       16%         4
 Olgreb's Toxic Radiance  Alch           15%        N/A       16%         4
 Sculpt Simulacrum        Ice/Alch       7%         N/A       89%         6
 Ozocubu's Refrigeration  Ice            7%         4d9       100%        7
 Borgnjor's Revivificati  Necr           43%        N/A       2%          8
 Infestation              Necr           43%        N/A       2%          8
 Death's Door             Necr           43%        N/A       32%         9
 Discord                  Hex            25%        N/A       99%         8


Dungeon Overview and Level Annotations

Branches:
Dungeon (15/15)            Temple (1/1) D:4            Lair (5/5) D:9
 Shoals (0/4) Lair:3        Snake (2/4) Lair:3        Slime (0/5) Lair:4
    Orc (2/2) D:10            Elf (0/3) Orc:2        Vaults (0/5) D:13
 Depths (0/4) D:15          IceCv (visited)

Altars:
Ashenzari
Cheibriados
Dithmenos
Elyvilon
Fedhas
Gozag
Hepliaklqana
Kikubaaqudgha
Makhleb
Nemelex Xobeh
Okawaru
Qazlal
Ru
Sif Muna
Trog
Uskayaw
Vehumet
Wu Jian
Xom
Yredelemnul
Zin
The Shining One
Beogh
Lugonu

Shops:
D:1 ((:(   D:8 =   D:13 :[!=[   Orc:2 *:[?

Portals:
Abyss: Lair:5

Annotations:
D:7 2 transporters
D:8 3 runed translucent doors, xianbchi's ghost, novice DsBe
Lair:3 3 runed translucent doors, Plog's ghost, journeyman DjSh
Snake:1 2 transporters, MrSquiggles's ghost, adept DsWn
Snake:2 Aizul; Vashnia


Innate Abilities, Weirdness & Mutations

You have sharp claws.
You have razor-sharp teeth.
You have supernaturally acute eyesight. (SInv)
Your thick and shaggy fur keeps you warm. (AC +3, rC+)
Your paws help you pounce on unaware monsters.
You are incapable of wielding weapons or throwing items.
You cannot wear armour.
You gain extra lives every three experience levels.


Message History

The nagaraja mumbles some strange words.
The nagaraja seems to speed up.
The nagaraja spits poison at you. The splash of poison hits you. You resist.
The naga mage mumbles some strange words.
The naga mage seems to speed up.
A naga comes into view. It is wielding a +0 war axe.
You hear a shout!
Okay, then.
Casting: Anguish (safe; 1% risk of failure)
Confirm with . or Enter, or press ? or * to list all spells.
You don't have enough magic to cast this spell.
Unknown command.
Magic courses through your body.
You feel very sick.
The nagaraja gestures at you while chanting.
The poison arrow hits you!
You are more poisoned.
You partially resist.
* * * LOW HITPOINT WARNING * * *
The naga mage casts a spell at the naga.
The naga's venom grows more potent.
The nagaraja gestures at you while chanting.
The bolt of poison misses you. The nagaraja hits you with a +0 spear.
* * * LOW HITPOINT WARNING * * *
The nagaraja grabs you. The nagaraja constricts you.
* * * LOW HITPOINT WARNING * * *
Casting: Anguish (safe; 1% risk of failure)
Confirm with . or Enter, or press ? or * to list all spells.
Okay, then.
You feel better. The nagaraja spits poison at you.
The splash of poison misses you. The nagaraja constricts you.
* * * LOW HITPOINT WARNING * * *
The nagaraja gestures at you while chanting.
The poison arrow hits you!!
You are lethally poisoned!
You partially resist.
You die...
Kikubaaqudgha rasps: You have failed me!
Welcome... death!

#...... .## ##...... .
...# #........ ..
#..####.......... ...
###.........##..... N...
#.......).####..##.
>....#......##....##.##.
S.N.....N.........ZZZZZ.
>.N..NS@.##...###.##.###
..(N#).N.##...###..#.#..
. #..........#...#.#..
#.....†.##..........
####.)..####...#..##
#....# ###.#.... ......#
.##.#. ######## ...^##
.....


You could see Aizul, 3 nagarajas, a guardian serpent (anguished), a naga mage
(fast, anguished) and 3 nagas.

Vanquished Creatures
  An ironbound thunderhulk (D:13)
  An ettin (D:15)
  A great orb of eyes (D:14)
  6 hydras
  Erica (D:11)
  2 centaur warriors (D:14)
  A catoblepas (Lair:2)
  A boulder beetle (D:13)
  5 death yaks
  A two-headed ogre (D:12)
  5 tengu warriors (D:13)
  Sonja (Lair:3)
  A thrashing horror (Lair:5)
  Amaemon (D:11)
  A mana viper (Snake:2)
  2 naga ritualists
  A deep troll (Lair:4)
  A harpy (D:13)
  An orc sorcerer (Orc:2)
  A deep elf zephyrmancer (D:14)
  3 cyclopes
  An ugly thing (D:12)
  A meliai (D:13)
  5 slime creatures
  2 black mambas
  6 elephants
  A gargoyle (D:10)
  An orange demon (D:11)
  6 cane toads
  A torpor snail (Lair:3)
  2 death yak zombies (Lair:5)
  A kobold demonologist (D:13)
  4 komodo dragons
  A rime drake (Lair:5)
  8 ice devils (IceCv)
  3 freezing wraiths (IceCv)
  2 trolls
  A polar bear (Lair:2)
  A queen bee (shapeshifter) (Lair:5)
  A queen bee (D:13)
  A raiju (Lair:5)
  A blink frog (Lair:1)
  A spriggan (Lair:5)
  A shadow (D:11)
  4 small abominations (Lair:5)
  2 dire elephant simulacra (IceCv)
  22 yaks
  3 wyverns
  A wraith (D:11)
  A basilisk (Lair:5)
  A steam dragon (D:5)
  A human (D:13)
  3 death yak simulacra
  2 harpy simulacra (IceCv)
  2 acid dragons
  2 hydra simulacra (IceCv)
  2 water moccasins
  3 orc warriors
  A black bear (D:6)
  5 ogres
  6 wolves
  A kobold brigand (D:11)
  6 bullfrogs
  3 gnoll sergeants
  6 wights
  An elephant simulacrum (IceCv)
  9 killer bees
  A howler monkey (D:12)
  2 electric eels
  A bombardier beetle (D:6)
  2 orc priests
  A hound (D:6)
  2 orc wizards
  A troll simulacrum (IceCv)
  A hell rat (Lair:2)
  4 polar bear simulacra (IceCv)
  3 wolf simulacra (IceCv)
  3 gnolls
  A ribbon worm (D:4)
  A dart slug (D:4)
  5 orcs
  A ball python (D:2)
  A bat (D:2)
  A goblin (D:4)
  A hobgoblin (D:2)
  A frilled lizard (D:2)
  3 rats
213 creatures vanquished.

Vanquished Creatures (collateral kills)
  The ghost of Ceno the Fighter, a journeyman DrCj of Hepliaklqana (Lair:5)
  A hydra (D:14)
  A rakshasa (D:14)
  2 anacondas (Snake:2)
  A death knight (D:14)
  3 naga warriors
  A deep troll earth mage (D:15)
  6 death yaks
  2 thrashing horrors (Lair:5)
  A tengu warrior (D:15)
  Nergalle (Lair:3)
  2 naga sharpshooters (Snake:1)
  A sea snake (Snake:2)
  3 naga ritualists
  9 mana vipers
  2 deep elf pyromancers
  A harpy (D:13)
  A necromancer (IceCv)
  An orc sorcerer (Orc:1)
  2 wolf spiders (Lair:3)
  A cyclops (D:13)
  3 salamanders (Snake:2)
  3 oklob plants (Lair:4)
  A meliai (D:13)
  2 kobold blastminers (Orc:2)
  An ice statue (IceCv)
  8 black mambas
  3 elephants
  3 guardian serpents
  A cane toad (Lair:3)
  5 naga magi
  A gargoyle (D:11)
  A smoke demon (Lair:5)
  10 rime drakes
  3 freezing wraiths
  An unseen horror (D:11)
  2 kobold demonologists (D:11)
  4 komodo dragons
  A yaktaur (D:15)
  4 ice devils (IceCv)
  2 tengu conjurers (D:15)
  A troll (D:12)
  A raiju (Lair:5)
  2 merfolk (Lair:3)
  12 blink frogs
  10 dream sheep (Lair:3)
  4 small abominations (Lair:5)
  2 slime creatures
  4 wraiths
  3 water elementals (D:15)
  9 yaks
  A shadow (D:11)
  3 basilisks
  A steam dragon (D:8)
  A warg (D:15)
  6 vampire mosquitoes
  2 chaos spawn (Lair:5)
  A harpy simulacrum (IceCv)
  An acid dragon (D:12)
  A hydra simulacrum (Lair:5)
  13 nagas
  9 water moccasins
  Duvessa (D:4)
  16 orc warriors
  A black bear (D:6)
  2 black mamba simulacra (Lair:5)
  7 centaurs
  3 ogres
  8 wolves
  A phantom (D:7)
  4 kobold brigands
  5 nameless horrors
  Blork the orc (D:6)
  12 bullfrogs
  A gnoll sergeant (D:9)
  4 wights
  3 scorpions
  5 cane toad simulacra (IceCv)
  2 elephant simulacra (IceCv)
  Dowan (D:4)
  27 killer bees
  9 howler monkeys
  A vampire bat (D:15)
  A komodo dragon simulacrum (Lair:5)
  2 bombardier beetles
  A gnoll bouda (D:6)
  2 hounds
  2 orc priests
  5 jellies
  A sleepcap (D:6)
  Crazy Yiuf (D:6)
  2 iguanas
  9 orc wizards
  7 hell rats
  2 spriggan simulacra (IceCv)
  A troll simulacrum (IceCv)
  A polar bear simulacrum (IceCv)
  2 wolf simulacra (IceCv)
  18 gnolls
  11 adders
  A naga simulacrum (IceCv)
  3 river rats (Lair:2)
  6 white imps
  2 ufetubi (D:6)
  3 ribbon worms (D:2)
  2 dart slugs
  A ribbon worm (shapeshifter) (D:15)
  50 orcs
  A bat skeleton (D:15)
  4 bat zombies (D:15)
  2 endoplasms
  A giant cockroach (D:1)
  3 goblins (D:4)
  3 hobgoblins
  6 quokkas
  6 ball pythons
  7 bats
  A frilled lizard (D:3)
  11 kobolds
  11 rats
495 creatures vanquished.

Vanquished Creatures (others)
  Rupert (Lair:3)
  Jorgrun (D:14)
  A sphinx (D:15)
  Agnes (D:15)
  Nessos (D:13)
  A rakshasa (D:15)
  A great orb of eyes (D:15)
  A hydra (D:15)
  A sphinx zombie (D:15)
  An ogre mage (D:15)
  8 centaur warriors
  4 anacondas
  3 tengu warriors (D:14)
  A boulder beetle (D:15)
  5 death yaks
  3 naga sharpshooters
  A deep troll earth mage (D:15)
  2 naga warriors
  A thrashing horror (Lair:5)
  3 orc high priests
  2 shock serpents (Snake:2)
  2 salamander mystics
  3 anaconda zombies
  A spriggan zombie (D:15)
  3 orc knights
  A deep elf pyromancer (D:14)
  2 harpies (D:13)
  A phantasmal warrior (D:14)
  An orc sorcerer (Orc:2)
  2 ugly things (Lair:5)
  3 cyclopes (D:15)
  A manticore (D:14)
  3 salamanders
  A shock serpent zombie (Snake:2)
  A meliai (D:13)
  2 guardian serpents (Snake:2)
  2 kobold blastminers (Orc:2)
  4 centaur zombies
  A smoke demon (Lair:5)
  4 black mambas
  2 mana viper zombies (Snake:1)
  3 naga magi
  2 death yak zombies (Lair:5)
  4 yaktaurs (D:15)
  Maggie (Lair:1)
  2 komodo dragons (Lair:4)
  A sea snake zombie (Snake:2)
  2 hydra zombies (D:14)
  2 tengu conjurers
  2 efreet (D:14)
  A great orb of eyes zombie (D:14)
  A troll (shapeshifter) (D:15)
  2 queen bees (shapeshifter)
  A blink frog (Lair:1)
  A merfolk (Lair:3)
  3 trolls
  A glass eye (shapeshifter) (D:14)
  A guardian serpent zombie (Snake:1)
  A raiju (shapeshifter) (D:15)
  A deep troll zombie (D:15)
  A dream sheep (shapeshifter) (D:14)
  A dream sheep (Lair:3)
  An ettin zombie (D:15)
  5 black mamba zombies
  3 slime creature zombies (D:14)
  3 wargs
  2 salamander zombies (Snake:1)
  9 nagas
  29 orc warriors
  An elf zombie (D:14)
  7 centaurs
  8 ogres
  4 wolves
  A kobold zombie (Orc:2)
  A water moccasin zombie (Lair:5)
  A cyclops zombie (D:15)
  A warg zombie (Orc:2)
  15 naga zombies
  4 killer bees (D:13)
  A tengu zombie (D:14)
  2 troll zombies
  2 electric eels
  An orc priest (Orc:2)
  A basilisk zombie (D:15)
  A sleepcap (D:5)
  An iguana (D:14)
  An orc wizard (Orc:2)
  8 ogre zombies
  A gnoll zombie (D:14)
  An iguana zombie (D:14)
  31 orc zombies
  14 orcs
  A goblin (D:15)
  A goblin zombie (D:15)
  163 blazeheart cores
442 creatures vanquished.

Grand Total: 1150 creatures vanquished

Notes
Turn   | Place    | Note
-------+----------+-------------------------------------------
     0 | D:1      | croobank the Felid Summoner began the quest for the Orb.
     0 | D:1      | Reached XP level 1. HP: 9/9 MP: 4/4
   252 | D:1      | Reached XP level 2. HP: 13/13 MP: 3/6
   255 | D:1      | Learned a level 2 spell: Call Imp
   406 | D:1      | Found Ceosaid's Antique Weapon Boutique.
   420 | D:1      | Found Iruepseu's Weapon Shoppe.
   435 | D:1      | Found Aclianu's Book Shoppe.
   574 | D:1      | Found Kearac's Antique Weapon Shop.
   982 | D:2      | Reached XP level 3. HP: 17/17 MP: 7/7
   991 | D:2      | Learned a level 3 spell: Call Canine Familiar
  1220 | D:2      | Reached skill level 1 in Fighting
  1318 | D:2      | Reached XP level 4. HP: 22/22 MP: 2/8
  1318 | D:2      | Gained a life (2 lives remaining)
  1530 | D:2      | Slain by a gnoll
  1530 | D:2      | Lost a life (1 life remaining)
  1973 | D:3      | Reached XP level 5. HP: 26/26 MP: 3/10
  2357 | D:3      | Found a shimmering altar of Xom.
  2358 | D:3      | Found a shimmering altar of Xom.
  3146 | D:4      | Noticed Duvessa
  3146 | D:4      | Noticed Dowan
  3222 | D:4      | Reached skill level 1 in Fire Magic
  3222 | D:4      | Gained mutation: You are covered in thick fur. (AC +2)
                  | [Felid growth]
  3222 | D:4      | Reached XP level 6. HP: 30/30 MP: 5/11
  3227 | D:4      | Learned a level 4 spell: Summon Blazeheart Golem
  3473 | D:4      | Noticed a nameless horror
  3632 | D:3      | Killed a nameless horror
  3732 | D:4      | Reached skill level 5 in Summonings
  4016 | D:4      | Found a staircase to the Ecumenical Temple.
  4041 | D:4      | Killed Duvessa
  4042 | D:4      | Reached XP level 7. HP: 34/35 MP: 4/12
  4042 | D:4      | Gained a life (2 lives remaining)
  4064 | D:4      | Killed by an exploding blazeheart core
  4064 | D:4      | Lost a life (1 life remaining)
  4069 | Temple   | Entered the Ecumenical Temple
  4076 | D:4      | Killed Dowan
  4357 | D:5      | Entered Level 5 of the Dungeon
  4358 | D:5      | Noticed a steam dragon
  4685 | D:5      | Found an ancient bone altar of Kikubaaqudgha.
  4693 | D:5      | Found a stormy altar of Qazlal.
  4694 | D:5      | Became a worshipper of Kikubaaqudgha
  4701 | D:5      | Noticed a nameless horror
  4715 | D:5      | Killed a nameless horror
  5438 | D:5      | Killed a steam dragon
  5727 | D:5      | Found a sparkling altar of Nemelex Xobeh.
  5740 | D:5      | Found a basalt altar of Yredelemnul.
  5799 | D:5      | Mangled by an ogre
  5799 | D:5      | Lost a life (0 lives remaining)
  5824 | D:5      | Reached XP level 8. HP: 39/39 MP: 8/13
  6363 | D:6      | Reached skill level 5 in Fire Magic
  6705 | D:6      | Found a runed translucent door.
  6706 | D:6      | Noticed Crazy Yiuf
  6712 | D:6      | Killed Crazy Yiuf
  6816 | D:6      | Noticed Blork the orc
  6825 | D:6      | Killed Blork the orc
  6922 | D:6      | Reached * piety under Kikubaaqudgha
  6922 | D:6      | Received a gift from Kikubaaqudgha
  7359 | D:6      | Reached skill level 5 in Stealth
  7362 | D:6      | Reached XP level 9. HP: 43/43 MP: 7/14
  7524 | D:6      | Identified the +3 dagger of Undoing {pain, rC- rN++ Int+4
                  | SInv}
  7787 | D:6      | Learned a level 4 spell: Summon Lightning Spire
  7931 | D:7      | Reached skill level 5 in Dodging
  8018 | D:7      | Reached skill level 1 in Air Magic
  8468 | D:7      | Found a transporter.
  8468 | D:7      | Found a transporter.
  8472 | D:7      | Noticed an orc knight
  8509 | D:7      | Found a roughly hewn altar of Beogh.
  8916 | D:8      | Found Nedafin Jelo's Jewellery Shoppe.
  8954 | D:8      | Reached ** piety under Kikubaaqudgha
  9022 | D:8      | Reached skill level 10 in Summonings
  9067 | D:8      | Reached XP level 10. HP: 50/50 MP: 8/17
  9067 | D:8      | Gained a life (1 life remaining)
  9163 | D:8      | Bought a ring of poison resistance for 320 gold pieces
  9283 | D:8      | Found a runed translucent gate.
  9285 | D:8      | Found a runed translucent gate.
  9286 | D:8      | Found a runed translucent gate.
  9286 | D:8      | Noticed xianbchi's ghost (novice DsBe)
  9788 | D:9      | Reached skill level 1 in Hexes
 10391 | D:9      | Reached skill level 5 in Spellcasting
 10417 | D:9      | Found a staircase to the Lair.
 10417 | D:9      | Noticed an elephant
 10424 | D:9      | Killed an elephant
 10425 | D:9      | Reached skill level 5 in Fighting
 10491 | D:9      | Found a bloodstained altar of Trog.
 11066 | D:10     | Entered Level 10 of the Dungeon
 11457 | D:10     | Found a staircase to the Orcish Mines.
 11507 | D:10     | Reached *** piety under Kikubaaqudgha
 11507 | D:10     | Received a gift from Kikubaaqudgha
 11925 | D:10     | Reached XP level 11. HP: 48/56 MP: 10/20
 12268 | D:10     | Reached skill level 5 in Hexes
 12823 | D:11     | Noticed Amaemon
 12840 | D:11     | Killed Amaemon
 12853 | D:11     | Reached **** piety under Kikubaaqudgha
 13058 | D:11     | Learned a level 5 spell: Summon Mana Viper
 13312 | D:11     | Noticed Erica
 13335 | D:11     | Killed Erica
 13336 | D:11     | Reached skill level 5 in Air Magic
 14329 | D:12     | Noticed a two-headed ogre
 14343 | D:12     | Killed a two-headed ogre
 14344 | D:12     | Reached skill level 10 in Stealth
 15142 | D:11     | Gained mutation: Your thick and shaggy fur keeps you warm.
                  | (AC +3, rC+) [Felid growth]
 15142 | D:11     | Reached XP level 12. HP: 52/62 MP: 13/22
 15947 | D:8      | Bought an amulet of reflection for 480 gold pieces
 15990 | Lair:1   | Entered Level 1 of the Lair of Beasts
 16095 | Lair:1   | Learned a level 4 spell: Anguish
 16416 | Lair:1   | Reached skill level 10 in Dodging
 16436 | Lair:1   | Reached skill level 1 in Necromancy
 16919 | Lair:1   | Reached skill level 2 in Necromancy
 17059 | Lair:1   | Noticed Maggie
 17118 | Lair:1   | Killed Maggie
 17359 | Lair:1   | Noticed a death yak
 17359 | Lair:1   | Noticed a death yak
 17361 | Lair:1   | Noticed a death yak
 17361 | Lair:1   | Noticed a death yak
 17363 | Lair:1   | Noticed a death yak
 17371 | Lair:1   | Killed a death yak
 17372 | Lair:1   | Killed a death yak
 17372 | Lair:1   | Killed a death yak
 17377 | Lair:1   | Killed a death yak
 17384 | Lair:1   | Killed a death yak
 17385 | Lair:1   | Reached skill level 3 in Necromancy
 17886 | Lair:2   | Noticed a catoblepas
 17896 | Lair:2   | Killed a catoblepas
 17896 | Lair:2   | Reached ***** piety under Kikubaaqudgha
 18227 | Lair:2   | Reached XP level 13. HP: 57/68 MP: 22/26
 18227 | Lair:2   | Gained a life (2 lives remaining)
 18381 | Lair:2   | Slain by a komodo dragon
 18381 | Lair:2   | Lost a life (1 life remaining)
 18858 | Lair:3   | Noticed Nergalle
 18916 | Lair:3   | Reached skill level 4 in Necromancy
 18977 | Lair:3   | Found a frozen archway.
 18988 | IceCv    | Entered an ice cave
 20256 | IceCv    | Learned a level 5 spell: Silence
 20647 | IceCv    | Reached skill level 5 in Necromancy
 21260 | IceCv    | Reached skill level 10 in Spellcasting
 21996 | IceCv    | Found an ancient bone altar of Kikubaaqudgha.
 22099 | Lair:3   | Noticed Sonja
 22119 | Lair:3   | Killed Sonja
 22326 | Lair:3   | Reached skill level 6 in Necromancy
 22632 | Lair:3   | Noticed Rupert
 22648 | Lair:3   | Killed Rupert
 22945 | Lair:3   | Found a staircase to the Snake Pit.
 22971 | Lair:3   | Reached skill level 7 in Necromancy
 23209 | Lair:3   | Killed Nergalle
 23210 | Lair:3   | Reached XP level 14. HP: 27/70 MP: 25/30
 23268 | Lair:3   | Found a runed translucent gate.
 23269 | Lair:3   | Found a runed translucent gate.
 23275 | Lair:3   | Found a runed translucent gate.
 23313 | Lair:3   | Identified the +7 sling "Vishrary" {drain, rElec rF+}
 23332 | Lair:3   | Reached skill level 10 in Fighting
 23635 | Lair:3   | Found a staircase to the Shoals.
 23695 | Lair:3   | Slain by a seven-headed hydra
 23695 | Lair:3   | Lost a life (0 lives remaining)
 24043 | Lair:3   | Identified the +4 arbalest of Beogh's Delight {heavy, Str+3
                  | Dex+2}
 24067 | Lair:3   | Noticed Plog's ghost (journeyman DjSh)
 24314 | Lair:4   | Reached skill level 8 in Necromancy
 25365 | Lair:4   | Found a staircase to the Slime Pits.
 25480 | Lair:4   | Learned a level 4 spell: Animate Dead
 25839 | Lair:4   | Reached skill level 9 in Necromancy
 26001 | Lair:4   | Found a sacrificial altar of Ru.
 26134 | Lair:5   | Entered Level 5 of the Lair of Beasts
 26148 | Lair:5   | Reached skill level 10 in Necromancy
 26283 | Lair:5   | Noticed Ceno's ghost (journeyman DrCj)
 26319 | Lair:5   | Found a runed translucent gate.
 26320 | Lair:5   | Found a runed translucent gate.
 26321 | Lair:5   | Found a runed translucent gate.
 26348 | Lair:5   | Reached skill level 11 in Necromancy
 26371 | Lair:5   | Reached skill level 12 in Necromancy
 26457 | Lair:5   | Killed Ceno's ghost
 26457 | Lair:5   | Reached ****** piety under Kikubaaqudgha
 26950 | Lair:5   | Reached skill level 13 in Necromancy
 27593 | Lair:5   | Reached skill level 14 in Necromancy
 28601 | Lair:5   | Reached skill level 15 in Necromancy
 28659 | Lair:5   | Found a corrupted altar of Lugonu.
 28659 | Lair:5   | Found a one-way gate to the infinite horrors of the Abyss.
 28829 | Lair:5   | Received a gift from Kikubaaqudgha (forbidden knowledge)
 29165 | D:13     | Found Ruonnymy's Jewellery Shop.
 29172 | D:13     | Found Osahock's Antique Armour Emporium.
 29293 | D:13     | Noticed Nessos
 29301 | D:13     | Killed Nessos
 29360 | D:13     | Found Riresool's Armour Shoppe.
 29404 | D:13     | Reached XP level 15. HP: 77/80 MP: 21/32
 29665 | D:13     | Found Benuc's Book Shop.
 29777 | D:13     | Found Woewaghiusi's Distillery.
 29974 | D:13     | Reached skill level 16 in Necromancy
 30767 | D:13     | Found a gate to the Vaults.
 30856 | Orc:1    | Entered Level 1 of the Orcish Mines
 31119 | Orc:1    | Learned a level 6 spell: Death Channel
 31511 | Orc:2    | Entered Level 2 of the Orcish Mines
 31511 | Orc:2    | Found a staircase to the Elven Halls.
 31845 | Orc:2    | Reached skill level 17 in Necromancy
 31897 | Orc:2    | Found Betem's Book Emporium.
 31897 | Orc:2    | Found Vuthrul's Antique Armour Shop.
 31899 | Orc:2    | Found Otigid's Magic Scroll Boutique.
 31901 | Orc:2    | Found Ususipp's General Store.
 31912 | Orc:2    | Bought a potion of might for 44 gold pieces
 32306 | D:14     | Noticed Jorgrun
 32319 | D:14     | Killed Jorgrun
 32721 | D:14     | Reached skill level 18 in Necromancy
 33827 | D:15     | Entered Level 15 of the Dungeon
 33878 | D:15     | Noticed Agnes
 33890 | D:15     | Killed Agnes
 33925 | D:15     | Found a staircase to the Depths.
 34099 | D:15     | Reached XP level 16. HP: 85/85 MP: 33/33
 34099 | D:15     | Gained a life (1 life remaining)
 34109 | D:15     | Reached skill level 19 in Necromancy
 34351 | D:15     | Your ally Agnes died
 34405 | D:15     | Found an ancient bone altar of Kikubaaqudgha.
 35306 | Snake:1  | Entered Level 1 of the Snake Pit
 35577 | Snake:1  | Reached skill level 20 in Necromancy
 35948 | Snake:1  | Found a transporter.
 35957 | Snake:1  | Noticed MrSquiggles's ghost (adept DsWn)
 35959 | Snake:1  | Found a transporter.
 37223 | Snake:2  | Identified the serpent talisman "Roocum" {rElec Will+
                  | Int-2}
 37223 | Snake:2  | Noticed Aizul
 37224 | Snake:2  | Slain by Aizul
 37224 | Snake:2  | Lost a life (0 lives remaining)
 37321 | Snake:2  | Noticed Vashnia
 37330 | Snake:2  | HP: 3/85 [constriction (4)]
 37331 | Snake:2  | Killed from afar by a nagaraja

Illustrated notes

Levels and vault maps discovered:
D:1:      dpeg_arrival_triangle_fractal, layout_rooms, serial_shops,
          nicolae_shop_hallway_plus, shop, nicolae_shop_bloodbath_and_beyond,
          shop, chequers_hall_statues_wall_a
D:2:      layout_basic
D:3:      layout_basic, xom_redecorated, hex_intersection,
          chequers_serial_rivers_large_a, chequers_serial_rivers_room_b,
          feat_on_display
D:4:      layout_rooms, minmay_temple_entry_glass, minmay_bent, uniq_duvessa
D:5:      layout_basic, yredelemnul_altar_generic,
          nemelex_xobeh_ov_fountains_minmay, lemuel_crystal_altar,
          grunt_qazlal_clouds
D:6:      layout_basic, uniq_crazy_yiuf_cottage, uniq_blork_the_orc
D:7:      gammafunk_beogh_shrine, layout_rooms
D:8:      layout_loops_ring, gammafunk_ghost_nasty_kobolds, serial_shops,
          nicolae_shop_crystal
D:9:      layout_loops_corners, lightli_temple_of_fire,
          grunt_lair_entry_orc_guard_hut
D:10:     layout_loops_cross, orc_0_dummy
D:11:     layout_gridville, uniq_amaemon, uniq_erica
D:12:     layout_rooms
D:13:     layout_roguey [special_room_bee], hellmonk_vaults_keyhole,
          serial_shops, nicolae_shop_window_shopping, shop, shop,
          nicolae_shop_just_a_little_nook, nicolae_shop_peninsula,
          hangedman_aviary, uniq_nessos
D:14:     layout_roguey [special_room_orc], dreamdust_mushroom_princess,
          amcnicky_mini_pool_small, uniq_jorgrun
D:15:     hellmonk_depths_entry_around_the_bend, layout_loops_ring,
          chequers_big_river, kennysheep_vampire_church, uniq_agnes
Temple:   eino_temple_rhombus
Lair:1:   layout_hall_layers, nicolae_quartered_pool_super,
          chequers_serial_rivers_large_b, grunt_megastairs_4, uniq_maggie
Lair:2:   layout_roguey, kennysheep_abandoned_house
Lair:3:   nzn_winding_woodlands_small [nzn_winding_woodlands_5x15_garden,
          nzn_winding_woodlands_center_triple_pond,
          nzn_winding_woodlands_5x15_river_crossing], layout_loops_ring,
          mainiacjoe_shoals_entry_four_pools, guppyfry_snake_entry_garden,
          gammafunk_ghost_necromancy, portal_ice_cave_rime,
          nicolae_lair_run_with_the_wolves, uniq_rupert, uniq_nergalle,
          uniq_sonja
Lair:4:   dreamdust_cave_troll, layout_cellular_growth,
          minmay_slime_entry_oklob_open, basic_altar, grunt_megastairs_2
Lair:5:   hellmonk_lair_end_abyssal_woods, layout_regular_city,
          gammafunk_ghost_icy
Snake:1:  layout_gridlike, gammafunk_ghost_arena, nicolae_snake_gridmaze_swirls,
          grunt_megastairs_1
Snake:2:  nicolae_aizul_guard, layout_misc_corridors, serial_bayou_shore_a,
          uniq_vashnia, uniq_aizul
Orc:1:    layout_diamond_mine
Orc:2:    st_orc_rangers, layout_diamond_mine

Skill      XL: |  1  2  3  4  5  6  7  8  9 10 11 12 13 14 15 16 |
---------------+-------------------------------------------------+-----
Stealth        | 3 4 5 7 8 10 | 10.0
Dodging        | 3 4 6 7 9 10 | 10.0
Fighting       | 1 2 4 5 6 8 9 10 | 10.0
Spellcasting   | 3 4 5 6 8 11 12 | 12.7
Fire Magic     | 1 2 4 5 |  5.0
Summonings     | 5 6 9 10 11 12 | 12.0
Air Magic      | 2 4 5 6 7 |  7.0
Hexes          | 4 7 |  7.0
Necromancy     | 3 7 15 18 20 | 20.5

Action                     |  1- 3 |  4- 6 |  7- 9 | 10-12 | 13-15 | 16-18 || total
---------------------------+-------+-------+-------+-------+-------+-------++-------
  Melee: Unarmed           |    15 |    26 |    62 |    80 |   102 |    20 ||   305
         Punch             |     1 |       |     2 |     1 |     1 |       ||     5
         Bite              |     1 |       |     6 |    16 |    14 |     2 ||    39
   Cast: Summon Small Mamm |    21 |    33 |    43 |    27 |    27 |       ||   151
         Call Imp          |    12 |    20 |    26 |    23 |    17 |     1 ||    99
         Call Canine Famil |     2 |    13 |    19 |    20 |    20 |       ||    74
         Summon Blazeheart |       |     2 |    23 |    75 |   145 |     5 ||   250
         Summon Lightning  |       |       |     3 |    16 |    66 |     5 ||    90
         Summon Mana Viper |       |       |       |    15 |    12 |       ||    27
         Anguish           |       |       |       |     8 |   152 |    59 ||   219
         Animate Dead      |       |       |       |       |    14 |     4 ||    18
         Death Channel     |       |       |       |       |    16 |    14 ||    30
 Invoke: Receive Forbidden |       |       |       |       |     1 |       ||     1
         Unearth Wretches  |       |       |       |       |    12 |     7 ||    19
  Evoke: Wand              |       |     2 |       |     2 |     8 |       ||    12
    Use: Scroll            |     3 |     6 |     9 |     9 |    12 |     2 ||    41
         Potion            |       |     5 |       |     2 |     8 |     5 ||    20
   Stab: Sleeping          |     1 |     4 |       |     4 |       |       ||     9
         Distracted        |       |       |     1 |     1 |       |       ||     2
         Paralysed         |       |       |       |       |    15 |     4 ||    19
 Armour: Skin              |     9 |    18 |    41 |    78 |   237 |    61 ||   444
  Dodge: Dodged            |    22 |    63 |   166 |   274 |   503 |    71 ||  1099

Table legend: (Time is in decaauts)
 A = Elapsed time spent in this place.
 B = Non-inter-level travel time spent in this place.
 C = Inter-level travel time spent in this place.
 D = Time resting spent in this place.
 E = Time spent auto-exploring this place.
 F = Levels seen in this place.
 G = Mean time per level.
                   A        B        C        D        E       F      G
               +--------+--------+--------+--------+--------+-----+--------+
         Total |  37455 |  35968 |   1487 |  11801 |  15307 |  26 | 1440.6 |
       Dungeon |  20909 |  19959 |    950 |   5588 |   9764 |  15 | 1393.9 |
        Temple |      1 |      1 |      0 |      0 |      0 |   1 |    1.0 |
          Lair |  10030 |   9665 |    365 |   3852 |   3526 |   5 | 2006.0 |
     Snake Pit |   2031 |   1995 |     36 |      0 |   1216 |   2 | 1015.5 |
  Orcish Mines |   1398 |   1262 |    136 |      0 |    707 |   2 |  699.0 |
      Ice Cave |   3084 |   3084 |      0 |   2361 |     93 |   1 | 3084.0 |
               +--------+--------+--------+--------+--------+-----+--------+

Top non-repeatable levels by time:
   IceCv: 3084 daAuts
  Lair:3: 3039 daAuts
  Lair:5: 2722 daAuts
    D:11: 2521 daAuts
     D:4: 1907 daAuts
  Lair:1: 1845 daAuts
    D:13: 1787 daAuts
    D:10: 1669 daAuts
     D:3: 1648 daAuts
    D:14: 1569 daAuts
     D:6: 1473 daAuts
 Snake:1: 1444 daAuts
     D:9: 1369 daAuts
    D:15: 1265 daAuts
     D:8: 1247 daAuts
